 Dungeon Crawl Stone Soup version 0.21.1-1-g345015f (webtiles) character file.

107 Kairos the Shield-Bearer (level 5, -2/42 HPs)
             Began as a Formicid Fighter on Apr 27, 2018.
             Was an Initiate of Cheibriados.
             Slain by a gnoll
             ... wielding a +0 spear
              (5 damage)
             ... on level 2 of the Dungeon.
             The game lasted 00:02:23 (1774 turns).

Kairos the Shield-Bearer (Formicid Fighter)         Turns: 1774, Time: 00:02:24

Health: -2/42      AC:  7    Str: 27    XL:     5   Next: 11%
Magic:  5/5        EV: 11    Int:  8    God:    Cheibriados [......]
Gold:   88         SH: 10    Dex: 12    Spells: 4/4 levels left

rFire    . . .     SeeInvis +   a - +0 quarterstaff
rCold    . . .     Gourm    .   c - +0 shield
rNeg     . . .     Faith    .   b - +0 scale mail
rPois    .         Spirit   .   (helmet unavailable)
rElec    .         Reflect  .   (no cloak)
rCorr    .         Harm     .   (no gloves)
MR       .....                  (no boots)
Stlth    ..........             (no amulet)
HPRegen  0.14/turn              e - +3 ring of evasion
MPRegen  0.09/turn              (no ring)

@: mighty, very slow
A: permanent stasis, dig shafts and tunnels, four strong arms, antennae 3
a: Dig, Shaft Self, Bend Time, Renounce Religion


You were on level 2 of the Dungeon.
You worshipped Cheibriados.
Cheibriados was noncommittal.
You were not hungry.

You visited 1 branch of the dungeon, and saw 2 of its levels.

You collected 88 gold pieces.

Inventory:

Hand Weapons
 a - a +0 quarterstaff (weapon)
Armour
 b - a +0 scale mail (worn)
 c - a +0 shield (worn)
Jewellery
 e - a +3 ring of evasion (left hand)
 p - an uncursed ring of ice {unknown}
Wands
 n - a wand of clouds (6)
Scrolls
 g - 3 scrolls of identify {unknown}
 j - a scroll of immolation {unknown}
 k - a scroll of fog {unknown}
 l - 2 scrolls of enchant weapon {unknown}
 o - a scroll of magic mapping {unknown}
Potions
 h - a potion of ambrosia {unknown}
 i - 2 potions of mutation {unknown}
 m - 2 potions of flight {unknown}
Comestibles
 f - 3 rations
 q - a chunk of flesh


   Skills:
 + Level 3.8 Fighting
 + Level 3.2 Staves
 + Level 4.1 Armour
 + Level 0.6 Dodging
 + Level 4.2 Shields


You had 4 spell levels left.
You didn't know any spells.

Dungeon Overview and Level Annotations

Branches:
Dungeon (2/15)

Altars:
Cheibriados
Yredelemnul


Innate Abilities, Weirdness & Mutations

You cannot be hasted, slowed, berserked, paralysed or teleported.
You can dig through walls and to a lower floor.
Your four strong arms can wield two-handed weapons with a shield.
You have a pair of large antennae on your head. (SInv)


Message History

You feel very mighty all of a sudden. You block the gnoll's attack. x2
You closely miss the gnoll.
The gnoll is severely wounded.
You block the gnoll's attack.
The gnoll hits you from afar with a spear.
* * * LOW HITPOINT WARNING * * *
You block the gnoll's attack. The gnoll hits you but does no damage.
You hit the gnoll.
You kill the gnoll!
Cheibriados appreciates the change of pace.
The gnoll hits you from afar with a spear.
* * * LOW HITPOINT WARNING * * *
The gnoll barely misses you.
Items here: ( )) †† a spear; 11 stones; a spear; a gnoll corpse x2
You closely miss the gnoll. The gnoll hits you with a spear.
* * * LOW HITPOINT WARNING * * *
You closely miss the gnoll. The gnoll hits you with a spear.
You die...

....# #. #..#.. ....##### #.
...... ....'...# #.###
#..{...#.### ....###.# #...#
.gg.....<... ....# #.# ###.#
..g.. ..### ....# #.# #.# g...
..# ....###.# #.######.# .. #
###.#...# #.#g.)...# ##.# ..
###.#.###### #)#@###### ...{ .#
...........###.#..# #.# #
###.#..........#..#########.###.#
.................................
#.#.#...............###.........#
#......###..#####....##.###.#####
....#........###........# #......
.....#######.#..._......# #######
.....# #.#..........#


You could see a gnoll.

Vanquished Creatures
  4 gnolls
  3 adders (D:2)
  2 worms (D:2)
  3 dart slugs
  A leopard gecko (D:2)
  2 giant cockroaches (D:1)
  3 goblins (D:2)
  2 hobgoblins (D:1)
  2 jackals (D:2)
  3 kobolds
  A quokka (D:2)
  A ball python (D:1)
  2 bats
  4 rats
33 creatures vanquished.

Notes
Turn   | Place    | Note
-------+----------+-------------------------------------------
     0 | D:1      | Kairos the Formicid Fighter began the quest for the Orb.
     0 | D:1      | Reached XP level 1. HP: 18/18 MP: 1/1
   115 | D:1      | Reached XP level 2. HP: 8/24 MP: 2/2
   732 | D:1      | Reached XP level 3. HP: 29/29 MP: 3/3
  1027 | D:2      | Found a snail-covered altar of Cheibriados.
  1028 | D:2      | Found a basalt altar of Yredelemnul.
  1045 | D:2      | Became a worshipper of Cheibriados the Contemplative
  1153 | D:2      | Reached XP level 4. HP: 10/35 MP: 4/4
  1767 | D:2      | Reached XP level 5. HP: 14/42 MP: 5/5
  1774 | D:2      | Slain by a gnoll

Skill      XL: |  1  2  3  4 |
---------------+-------------+-----
Shields        | 4 |  4.2
Staves         | 3 |  3.2
Armour         | 4 |  4.1
Fighting       | |  3.8
Dodging        | |  0.6

Action                   |  1- 3 |  4- 6 || total
-------------------------+-------+-------++-------
Melee: Quarterstaff      |    70 |    57 ||   127
  Use: Potion            |       |     1 ||     1
  Eat: Chunk             |       |     3 ||     3
Armor: Scale mail        |    16 |    16 ||    32
Dodge: Dodged            |    22 |    27 ||    49
Block: Shield            |    41 |    29 ||    70
